IL
TOLEDO MUD HENS @ SYRACUSE CHIEFS
06/05/1982
 
TOP OF THE 1ST
Toledo Mud Hens batting - Pitching for Syracuse Chiefs : RHP Mike Krukow
Pitching: RHP Mike Krukow
Batting: RHB Nick Capra 0-0: Swinging Strike
0-1: Ground out 5-3 (Groundball, 56, EV 91.3 MPH)
Batting: RHB Dennis Odom 0-0: Fly out, F7 (Line Drive, 7, EV 95.6 MPH)
Batting: SHB Ken Henderson 0-0: Called Strike
0-1: Ground out 5-3 (Groundball, 5S, EV 85.6 MPH)
Top of the 1st over - 0 runs, 0 hits, 0 errors, 0 left on base; Toledo 0 - Syracuse 0
BOTTOM OF THE 1ST
Syracuse Chiefs batting - Pitching for Toledo Mud Hens : RHP Dennis Deck
Pitching: RHP Dennis Deck
Batting: SHB Larry Lintz 0-0: Swinging Strike
0-1: Bunt missed!
0-2: Ball
1-2: Ground out 5-3 (Groundball, 56, EV 78.8 MPH)
Batting: RHB Phil Garner 0-0: Ball
1-0: Foul Ball, location: 2F
1-1: Swinging Strike
1-2: Strikes out swinging
Batting: LHB Wayne Gross 0-0: Ball
1-0: Foul Ball, location: 2F
1-1: Ball
2-1: Called Strike
2-2: Foul Ball, location: 2F
2-2: Ball
3-2: Foul Ball, location: 2F
3-2: SINGLE (Line Drive, 78S, EV 108.8 MPH)
Batting: RHB Jim G Wilson 0-0: Called Strike
0-1: Foul Ball, location: 2F
0-2: Strikes out swinging
Bottom of the 1st over - 0 runs, 1 hit, 0 errors, 1 left on base; Toledo 0 - Syracuse 0
TOP OF THE 2ND
Toledo Mud Hens batting - Pitching for Syracuse Chiefs : RHP Mike Krukow
Batting: LHB Jerry Tabb 0-0: Swinging Strike
0-1: Called Strike
0-2: SINGLE (Groundball, 6MS, EV 73.1 MPH) (infield hit)
Batting: LHB Randy S Johnson 0-0: Called Strike
0-1: Called Strike
0-2: Ball
1-2: Foul Ball, location: 2F
1-2: Foul Ball, location: 2F
1-2: Ball
2-2: Foul Ball, location: 2F
2-2: Strikes out looking
Batting: LHB Ron Diggle 0-0: Ball
1-0: Ball
2-0: Called Strike
2-1: Fielders Choice at 2nd, 6-4 (Groundball, 6M, EV 96.9 MPH)
Batting: LHB Rich Coggins 0-0: Called Strike
0-1: Foul Ball, location: 2F
0-2: Foul Ball, location: 2F
0-2: Ground out U3 (Groundball, 3, EV 84.4 MPH)
Top of the 2nd over - 0 runs, 1 hit, 0 errors, 1 left on base; Toledo 0 - Syracuse 0
BOTTOM OF THE 2ND
Syracuse Chiefs batting - Pitching for Toledo Mud Hens : RHP Dennis Deck
Batting: LHB Darryl Strawberry 0-0: Called Strike
0-1: Foul Ball, location: 2F
0-2: Foul Ball, location: 2F
0-2: Ball
1-2: Fly out, F9 (Line Drive, 9D, EV 85.6 MPH)
Batting: RHB Hubie Brooks 0-0: SINGLE (Flyball, 56D, EV 82.5 MPH)
Batting: LHB Ray Cosey 0-0: Ball
1-0: Ball
2-0: Swinging Strike
2-1: Ball
3-1: Foul Ball, location: 2F
3-2: Strikes out swinging
Batting: SHB Al Pardo 0-0: Foul Ball, location: 2F
0-1: Foul Ball, location: 2F
0-2: Ball
1-2: Foul Ball, location: 2F
1-2: Ball
2-2: Ball
Hubie Brooks steals 2nd base (no throw)
3-2: 2-RUN HOME RUN (Flyball, 9D, EV 106.3 MPH), Distance : 381 ft
Batting: LHB Jon Jimenez 0-0: Swinging Strike
0-1: Called Strike
0-2: SINGLE (Groundball, 3S, EV 71.3 MPH) (infield hit)
Batting: SHB Larry Lintz 0-0: Ball
1-0: Ball
2-0: Foul Ball, location: 2F
2-1: Swinging Strike
2-2: Ball
3-2: SINGLE (Line Drive, 8LS, EV 108.1 MPH)
Jon Jimenez to second
Jon Jimenez to third
Batting: RHB Phil Garner 0-0: Ball
1-0: Foul Ball, location: 2F
1-1: Ball
2-1: Ball
3-1: Called Strike
3-2: Ground out 6-3 (Groundball, 6, EV 103.8 MPH)
Bottom of the 2nd over - 2 runs, 4 hits, 0 errors, 2 left on base; Toledo 0 - Syracuse 2
TOP OF THE 3RD
Toledo Mud Hens batting - Pitching for Syracuse Chiefs : RHP Mike Krukow
Batting: RHB Larry Patterson 0-0: Ball
1-0: Called Strike
1-1: Foul Ball, location: 2F
1-2: Ground out 6-3 (Groundball, P, EV 81.9 MPH)
Batting: RHB Al Cowens 0-0: Ball
1-0: Fly out, F8 (Line Drive, 8RD, EV 90.0 MPH)
Batting: RHB Nick Capra 0-0: Foul Ball, location: 2F
0-1: Swinging Strike
0-2: Ball
1-2: Ground out 6-3 (Groundball, 4MS, EV 72.5 MPH)
Top of the 3rd over - 0 runs, 0 hits, 0 errors, 0 left on base; Toledo 0 - Syracuse 2
BOTTOM OF THE 3RD
Syracuse Chiefs batting - Pitching for Toledo Mud Hens : RHP Dennis Deck
Batting: LHB Wayne Gross 0-0: Called Strike
0-1: Ball
1-1: Foul Ball, location: 2F
1-2: SINGLE (Groundball, 34D, EV 103.8 MPH)
Batting: RHB Jim G Wilson 0-0: Called Strike
0-1: Fly out, F9 (Flyball, 9LS, EV 96.9 MPH)
Batting: LHB Darryl Strawberry 0-0: Ball
1-0: Foul Ball, location: 2F
1-1: Called Strike
1-2: Strikes out swinging
Batting: RHB Hubie Brooks 0-0: Called Strike
0-1: Ball
1-1: Ball
2-1: Ball
3-1: Swinging Strike
3-2: Base on Balls
Wayne Gross to second
Batting: LHB Ray Cosey 0-0: Ball
1-0: Ground out 3-1 (Groundball, 34, EV 103.8 MPH)
Bottom of the 3rd over - 0 runs, 1 hit, 0 errors, 2 left on base; Toledo 0 - Syracuse 2
TOP OF THE 4TH
Toledo Mud Hens batting - Pitching for Syracuse Chiefs : RHP Mike Krukow
Batting: RHB Dennis Odom 0-0: Ball
1-0: Called Strike
1-1: Foul Ball, location: 2F
1-2: Ball
2-2: Ball
3-2: Fly out, F9 (Flyball, 9S, EV 76.9 MPH)
Batting: SHB Ken Henderson 0-0: Called Strike
0-1: Ball
1-1: Ball
2-1: Hit by Pitch
Batting: LHB Jerry Tabb 0-0: Ball
1-0: Foul Ball, location: 2F
1-1: Ball
2-1: Ball
3-1: Base on Balls
Ken Henderson to second
Batting: LHB Randy S Johnson 0-0: Ball
1-0: SINGLE (Groundball, 56D, EV 103.1 MPH)
Ken Henderson to third
Jerry Tabb to second
Runner from 3rd tries for Home, SAFE, throw by LF to home
Batting: LHB Ron Diggle 0-0: Ball
1-0: SINGLE (Line Drive, 9LS, EV 100.0 MPH)
Jerry Tabb to third
Randy S Johnson to second
Batting: LHB Rich Coggins 0-0: Fly out, F8 (Flyball, 8RXD, EV 104.4 MPH)
Runner from 3rd tags up, SCORES, no throw by CF
Randy S Johnson to third
Batting: RHB Larry Patterson 0-0: Called Strike
0-1: Called Strike
0-2: Strikes out looking
Top of the 4th over - 2 runs, 2 hits, 0 errors, 2 left on base; Toledo 2 - Syracuse 2
BOTTOM OF THE 4TH
Syracuse Chiefs batting - Pitching for Toledo Mud Hens : RHP Dennis Deck
Batting: SHB Al Pardo 0-0: Called Strike
0-1: Ball
1-1: Fly out, F7 (Line Drive, 7, EV 95.0 MPH)
Batting: LHB Jon Jimenez 0-0: SINGLE (Line Drive, 78S, EV 92.5 MPH)
Batting: SHB Larry Lintz 0-0: Ball
1-0: Ball
2-0: Called Strike
2-1: Called Strike
2-2: Grounds into double play, 6-4-3 (Groundball, 6, EV 101.3 MPH)
Bottom of the 4th over - 0 runs, 1 hit, 0 errors, 0 left on base; Toledo 2 - Syracuse 2
TOP OF THE 5TH
Toledo Mud Hens batting - Pitching for Syracuse Chiefs : RHP Mike Krukow
Batting: RHB Al Cowens 0-0: Called Strike
0-1: Called Strike
0-2: Strikes out swinging
Batting: RHB Nick Capra 0-0: Ball
1-0: Called Strike
1-1: Ball
2-1: Ball
3-1: Foul Ball, location: 2F
3-2: Foul Ball, location: 2F
3-2: Foul Ball, location: 2F
3-2: Fly out, F4 (Line Drive, 4, EV 68.1 MPH)
Batting: RHB Dennis Odom 0-0: Fly out, F8 (Flyball, 8RXD, EV 104.4 MPH)
Top of the 5th over - 0 runs, 0 hits, 0 errors, 0 left on base; Toledo 2 - Syracuse 2
BOTTOM OF THE 5TH
Syracuse Chiefs batting - Pitching for Toledo Mud Hens : RHP Dennis Deck
Batting: RHB Phil Garner 0-0: Ball
1-0: Ball
2-0: Foul Ball, location: 2F
2-1: Fly out, F8 (Flyball, 8LM, EV 88.1 MPH)
Batting: LHB Wayne Gross 0-0: Called Strike
0-1: Foul Ball, location: 2F
0-2: Ball
1-2: Strikes out looking
Batting: RHB Jim G Wilson 0-0: Ground out 6-3 (Groundball, 56, EV 87.5 MPH)
Bottom of the 5th over - 0 runs, 0 hits, 0 errors, 0 left on base; Toledo 2 - Syracuse 2
TOP OF THE 6TH
Toledo Mud Hens batting - Pitching for Syracuse Chiefs : RHP Mike Krukow
Batting: SHB Ken Henderson 0-0: Fly out, F8 (Flyball, 8LM, EV 93.8 MPH)
Batting: LHB Jerry Tabb 0-0: Ball
1-0: Called Strike
1-1: Foul Ball, location: 2F
1-2: Ground out U3 (Groundball, 3D, EV 78.8 MPH)
Batting: LHB Randy S Johnson 0-0: Fly out, F9 (Line Drive, 9, EV 100.6 MPH)
Top of the 6th over - 0 runs, 0 hits, 0 errors, 0 left on base; Toledo 2 - Syracuse 2
BOTTOM OF THE 6TH
Syracuse Chiefs batting - Pitching for Toledo Mud Hens : RHP Dennis Deck
Batting: LHB Darryl Strawberry 0-0: Ball
1-0: Called Strike
1-1: Ball
2-1: Swinging Strike
2-2: Strikes out looking
Batting: RHB Hubie Brooks 0-0: Ball
1-0: Called Strike
1-1: Foul Ball, location: 2F
1-2: Ground out 5-3 (Groundball, 5, EV 93.8 MPH)
Batting: LHB Ray Cosey 0-0: Ground out U3 (Groundball, 34, EV 100.6 MPH)
Bottom of the 6th over - 0 runs, 0 hits, 0 errors, 0 left on base; Toledo 2 - Syracuse 2
TOP OF THE 7TH
Toledo Mud Hens batting - Pitching for Syracuse Chiefs : RHP Mike Krukow
Batting: LHB Ron Diggle 0-0: DOUBLE (Line Drive, 78XD, EV 106.3 MPH)
Batting: LHB Rich Coggins 0-0: Foul Ball, location: 2F
0-1: Ball
1-1: Foul Ball, location: 2F
1-2: SINGLE (Groundball, 4MD, EV 108.8 MPH)
Ron Diggle to third
Batting: RHB Larry Patterson 0-0: Ball
1-0: SINGLE (Groundball, 56, EV 99.4 MPH)
Ron Diggle scores
Rich Coggins to second
Batting: RHB Al Cowens 0-0: Foul Ball, location: 2F
0-1: Fielders Choice at 2nd, 4-6 (Groundball, 4, EV 102.5 MPH)
Rich Coggins to third
Batting: RHB Nick Capra 0-0: Ball
1-0: Ball
2-0: Ball
3-0: Called Strike
3-1: SINGLE (Groundball, 3D, EV 107.5 MPH)
Rich Coggins scores
Al Cowens to second
Runner from 2nd tries for 3rd, SAFE, no throw by RF
Batting: RHB Dennis Odom 0-0: Called Strike
0-1: Ball
1-1: Ball
2-1: Ball
3-1: Swinging Strike
3-2: Foul Ball, location: 2F
3-2: Foul Ball, location: 2F
3-2: Strikes out swinging
Nick Capra is caught stealing 2nd base 2-4
Batter strikes out.
Top of the 7th over - 2 runs, 4 hits, 0 errors, 1 left on base; Toledo 4 - Syracuse 2
BOTTOM OF THE 7TH
Syracuse Chiefs batting - Pitching for Toledo Mud Hens : RHP Dennis Deck
Batting: SHB Al Pardo 0-0: Called Strike
0-1: Foul Ball, location: 2F
0-2: Ball
1-2: Ball
2-2: Ball
3-2: Foul Ball, location: 2F
3-2: Ground out 4-3 (Groundball, 4, EV 107.5 MPH)
Batting: LHB Jon Jimenez 0-0: Ball
1-0: Ground out 4-3 (Groundball, 34, EV 108.1 MPH)
Batting: SHB Larry Lintz 0-0: Ball
1-0: Called Strike
1-1: Foul Ball, location: 2F
1-2: Foul Ball, location: 2F
1-2: Ball
2-2: Ball
3-2: Foul Ball, location: 2F
3-2: SINGLE (Groundball, 6MS, EV 62.5 MPH) (infield hit)
Batting: RHB Phil Garner 0-0: Ball
1-0: Ball
Larry Lintz steals 2nd base (no throw)
2-0: SINGLE (Line Drive, 4D, EV 108.8 MPH)
Larry Lintz to third
Runner from 3rd tries for Home, SAFE, throw by CF to home
Batting: LHB Wayne Gross 0-0: Ball
1-0: DOUBLE (Line Drive, 7LS, EV 92.5 MPH)
Phil Garner to third
Batting: RHB Jim G Wilson 0-0: Ball
1-0: Called Strike
1-1: Foul Ball, location: 2F
1-2: Foul Ball, location: 2F
1-2: Strikes out swinging
Bottom of the 7th over - 1 run, 3 hits, 0 errors, 2 left on base; Toledo 4 - Syracuse 3
TOP OF THE 8TH
Toledo Mud Hens batting - Pitching for Syracuse Chiefs : RHP Mike Krukow
Batting: SHB Ken Henderson 0-0: Called Strike
0-1: Called Strike
0-2: Ball
1-2: Ball
2-2: SINGLE (Line Drive, 34D, EV 101.3 MPH)
Batting: LHB Jerry Tabb 0-0: Called Strike
0-1: Foul Ball, location: 2F
0-2: Ball
1-2: Foul Ball, location: 2F
1-2: Ball
2-2: Ball
3-2: Base on Balls
Ken Henderson to second
Batting: LHB Randy S Johnson 0-0: Ball
1-0: Called Strike
1-1: Ball
2-1: Swinging Strike
2-2: Ball
3-2: Foul Ball, location: 2F
3-2: SINGLE (Flyball, 8RS, EV 95.6 MPH)
Ken Henderson to third
Jerry Tabb to second
Runner from 3rd tries for Home, SAFE, throw by CF to home
Pitching: LHP Ray Newman
Batting: LHB Ron Diggle 0-0: Ball
1-0: Foul Ball, location: 2F
1-1: Fly out, F7 (Line Drive, 7, EV 94.4 MPH)
Batting: LHB Rich Coggins 0-0: Ball
1-0: Fly out, F9 (Flyball, 89D, EV 103.1 MPH)
Runner from 2nd tags up, SAFE at 3rd, no throw by RF
Batting: RHB Larry Patterson 0-0: Fly out, F3 (Popup, 23, EV 90.0 MPH)
Top of the 8th over - 1 run, 2 hits, 0 errors, 2 left on base; Toledo 5 - Syracuse 3
BOTTOM OF THE 8TH
Syracuse Chiefs batting - Pitching for Toledo Mud Hens : RHP Dennis Deck
Batting: LHB Darryl Strawberry 0-0: Ball
1-0: Ball
2-0: Ball
3-0: Base on Balls
Batting: RHB Hubie Brooks 0-0: Ball
1-0: Ball
2-0: Called Strike
2-1: Swinging Strike
2-2: Foul Ball, location: 2F
2-2: Foul Ball, location: 2F
2-2: Ground out 3-1 (Groundball, 34S, EV 88.1 MPH)
Darryl Strawberry to second
Batting: LHB Ray Cosey 0-0: Foul Ball, location: 2F
0-1: Foul Ball, location: 2F
0-2: Ball
1-2: TRIPLE (Line Drive, 7LD, EV 104.4 MPH)
Darryl Strawberry scores
Batting: SHB Al Pardo 0-0: Ball
1-0: 2-RUN HOME RUN (Flyball, 9D, EV 106.3 MPH), Distance : 376 ft
Pitching: RHP Bob Stanley
Batting: LHB Jon Jimenez 0-0: Ball
1-0: Foul Ball, location: 2F
1-1: SINGLE (Line Drive, 4D, EV 103.8 MPH)
Batting: SHB Larry Lintz 0-0: Ball
1-0: Ball
2-0: Foul Ball, location: 2F
2-1: Ground out U3 (Groundball, 3S, EV 69.4 MPH)
Jon Jimenez to second
Batting: RHB Phil Garner 0-0: Ball
1-0: Called Strike
1-1: Fly out, F8 (Line Drive, 8RM, EV 93.1 MPH)
Bottom of the 8th over - 3 runs, 3 hits, 0 errors, 1 left on base; Toledo 5 - Syracuse 6
TOP OF THE 9TH
Toledo Mud Hens batting - Pitching for Syracuse Chiefs : LHP Ray Newman
Pitching: RHP Mel Stottlemyre Sr
Now at 2B: Jeff Doyle
Pinch Hitting: RHB John Guarino 0-0: Ball
1-0: Ball
2-0: Ball
3-0: Ground out 5-3 (Groundball, 5L, EV 82.5 MPH)
Batting: RHB Nick Capra 0-0: Ball
1-0: Ball
2-0: Ground out 3-1 (Groundball, 34, EV 101.9 MPH)
Batting: RHB Dennis Odom 0-0: Foul Ball, location: 2F
0-1: Foul Ball, location: 2F
0-2: Ball
1-2: SINGLE (Line Drive, 9LM, EV 86.9 MPH)
Batting: SHB Ken Henderson 0-0: SINGLE (Line Drive, 8LS, EV 105.6 MPH)
Dennis Odom to second
Runner from 2nd tries for 3rd, SAFE, throw by CF made to third
Batting: LHB Jerry Tabb 0-0: Ball
1-0: Ball
2-0: Foul Ball, location: 2F
2-1: Ball
3-1: Swinging Strike
3-2: Fly out, F7 (Line Drive, 7, EV 85.0 MPH)
Top of the 9th over - 0 runs, 2 hits, 0 errors, 2 left on base; Toledo 5 - Syracuse 6
Wednesday, August 5th, 2020 - OOTP Baseball 21.5 Build 76